 Dungeon Crawl Stone Soup version 0.17.1-3-g152610e (webtiles) character file.

2569 pipel the Ducker (level 9, -12/47 HPs)
             Began as a Vine Stalker Monk on Mar 19, 2016.
             Was an Elder of Cheibriados.
             Mangled by a crocodile (14 damage)
             ... on level 9 of the Dungeon.
             The game lasted 00:16:59 (1571 turns).

pipel the Ducker (Vine Stalker Monk)                Turns: 1571, Time: 00:16:59

Health: -12/47     AC:  3    Str: 25    XL:     9   Next: 57%
Magic:  0/11       EV: 21    Int: 19    God:    Cheibriados [****..]
Gold:   169        SH:  7    Dex: 29    Spells: 0 memorised, 8 levels left

rFire  . . .     SeeInvis .     i - +2 short sword of Coicopn {elec, rN++} (curse)
rCold  . . .     Clarity  .     n - +0 robe (curse)
rNeg   + + .     SustAt   .     f - +0 buckler
rPois  .         Gourm    .     (no helmet)
rElec  .         Spirit   +     (no cloak)
rCorr  .         Warding  .     u - +0 pair of gloves
rMut   .         Stasis   .     (no boots)
MR     +....                    (no amulet)
Stlth  +++.......               (no ring)
                                (no ring)

@: about to teleport, very slow, somewhat resistant to hostile enchantments,
fairly stealthy
A: fangs 3, agile 1, regeneration 2, magic shield, antimagic bite, no device
heal 3, rot immunity
a: Bend Time, Temporal Distortion, Slouch, Renounce Religion


You were on level 9 of the Dungeon.
You worshipped Cheibriados.
Cheibriados was greatly pleased with you.
You were hungry.

You visited 3 branches of the dungeon, and saw 11 of its levels.

You collected 169 gold pieces.

Inventory:

Hand Weapons
 i - the cursed +2 short sword of Coicopn (weapon) {elec, rN++}
   (You found it on level 4 of the Dungeon)

   Occasionally, upon striking a foe, it will discharge some electrical energy
   and cause terrible harm.
   It greatly protects you from negative energy.
   It has a curse placed upon it.
Missiles
 e - 2 curare-tipped needles
 q - 21 poisoned needles
 s - a javelin (quivered)
Armour
 a - a +0 robe
 f - a +0 buckler (worn)
 h - a +0 plate armour
 n - a cursed +0 robe (worn)
 p - a +1 ring mail of fire resistance
 u - a +0 pair of gloves (worn)
Magical Staves
 r - an uncursed staff of power {unknown}
Jewellery
 y - an uncursed ring of ice
Wands
 v - a wand of confusion (22)
Scrolls
 d - 2 scrolls of amnesia
 m - 5 scrolls of identify
 w - 3 scrolls of remove curse {unknown}
Potions
 g - a potion of heal wounds
 t - a potion of cancellation
 z - a potion of brilliance {unknown}
 A - a potion of haste {unknown}
Books
 l - a book of Power

   Spells                             Type                      Level
   a - Fulminant Prism                Conjuration/Hexes            4
   b - Iskenderun's Mystic Blast      Conjuration                  4
   c - Venom Bolt                     Conjuration/Poison           5
   d - Bolt of Magma                  Conjuration/Fire/Earth       5
   e - Iron Shot                      Conjuration/Earth            6
   f - Orb of Destruction             Conjuration                  7
   g - Spellforged Servitor           Conjuration/Summoning        7
Comestibles
 b - a bread ration
 c - a royal jelly
 j - a slice of pizza
 k - 2 beef jerkies
 o - a meat ration


   Skills:
 + Level 5.5 Fighting
 + Level 3.1 Short Blades
 - Level 2.0 Throwing
 + Level 7.4 Dodging
 - Level 2.4 Stealth
 - Level 5.0 Shields
 - Level 4.3 Unarmed Combat
 + Level 2.0 Invocations


You had 8 spell levels left.
You didn't know any spells.

Dungeon Overview and Level Annotations

Branches:
Dungeon (9/15)             Temple (1/1) D:4            Lair (1/8) D:9
    Orc: D:9-12

Altars:
Cheibriados
Dithmenos
Gozag
Kikubaaqudgha
Nemelex Xobeh
Qazlal
Ru
Sif Muna
Xom
Yredelemnul
Zin
The Shining One

Shops:
D:9 }

Annotations:
D:5 Malhgor's ghost, novice DDFi
D:6 exclusion: upstairs


Innate Abilities, Weirdness & Mutations

You have razor-sharp teeth.
You heal very quickly.
When hurt, damage is shared between your health and your magic reserves.
Your bite disrupts and absorbs the magic of your enemies.
Potions and wands cannot restore your health.
You are immune to rotting.
You are agile. (Dex +2)


Message History

The crocodile bites the plant!
The yak gores you!
* * * LOW HITPOINT WARNING * * *
You hit the yak but do no damage. You bite the yak. You drain its power.
You feel invigorated.
The yak is severely wounded.
The crocodile bites the plant!
The plant is destroyed!
The yak misses you.
You hit the yak. You bite the yak. You drain its power.
The yak is almost dead.
The yak snorts and paws the ground.
The yak completely misses you.
You barely miss the yak. You bite the yak. You drain its power.
The yak is almost dead.
The yak gores you!
* * * LOW HITPOINT WARNING * * *
Read which item? (? for menu, Esc to quit)
As you read the scroll of teleportation, it crumbles to dust.
You feel strangely unstable. The crocodile bites you!
You die...

. ##### ..#######...#
+####..#.......#..#
..........#...#....#
#.........##PPP##...# .#
#.......#...PPP...#.## .# .
#.≈.....#..PP@tP..#..###.# ..
#..≈....#...PPY...#......#..
#.........##.Y.##..........
#..........#...#........#
#........#.......#......#
###.........#######.......######
#........#...# .................
#........#...#.....#..≈≈≈.......
#........#...#######...≈≈.......


You could see 2 yaks and a crocodile.

Vanquished Creatures
  3 yaks (D:9)
  Edmund (D:6)
  A water moccasin (D:9)
  3 orc warriors
  An ice beast (D:9)
  A sky beast (D:7)
  A crocodile (D:9)
  4 centaurs
  A big kobold (D:9)
  5 giant frogs
  A scorpion (D:9)
  4 wights (D:6)
  4 hounds
  A giant frog zombie (D:6)
  2 centaur skeletons (D:6)
  A giant frog skeleton (D:9)
  A jelly (D:7)
  A worker ant (D:6)
  An iguana (D:9)
  5 orc wizards
  A worker ant zombie (D:6)
  4 adders
  A worm (D:2)
  An adder skeleton (D:4)
  A giant gecko (D:6)
  8 orcs
  A ball python (D:4)
  A hobgoblin (D:3)
  8 jackals
  A quokka (D:7)
  A bat (D:1)
  A giant gecko zombie (D:5)
  A giant newt (D:3)
  2 goblins (D:2)
  4 kobolds (D:9)
  A rat (D:2)
  A fungus (D:9)
80 creatures vanquished.

Vanquished Creatures (others)
  A fungus (D:9)
  A plant (D:9)
2 creatures vanquished.

Grand Total: 82 creatures vanquished

Notes
Turn   | Place    | Note
--------------------------------------------------------------
     0 | D:1      | pipel the Vine Stalker Monk began the quest for the Orb.
     0 | D:1      | Reached XP level 1. HP: 11/11 MP: 2/2
    78 | D:2      | Reached XP level 2. HP: 16/16 MP: 3/3
   303 | D:4      | Got a transparent short sword
   304 | D:4      | Identified the cursed +2 short sword of Coicopn {elec, rN++} (You found it on level 4 of the Dungeon)
   310 | D:4      | Found a staircase to the Ecumenical Temple.
   334 | Temple   | Entered the Ecumenical Temple
   383 | Temple   | Became a worshipper of Cheibriados the Contemplative
   383 | Temple   | Reached * piety under Cheibriados
   383 | Temple   | Reached ** piety under Cheibriados
   411 | D:5      | Entered Level 5 of the Dungeon
   459 | D:5      | Reached skill level 1 in Shields
   459 | D:5      | Reached XP level 3. HP: 8/19 MP: 1/4
   493 | D:5      | Noticed a giant frog
   496 | D:5      | Killed a giant frog
   496 | D:5      | Reached XP level 4. HP: 10/24 MP: 5/5
   502 | D:5      | Noticed a centaur
   642 | D:5      | Noticed a centaur
   674 | D:5      | Killed a centaur
   674 | D:5      | Reached XP level 5. HP: 21/28 MP: 6/6
   704 | D:5      | Killed a centaur
   704 | D:5      | Gained mutation: You heal very quickly. [Vine Stalker growth]
   704 | D:5      | Reached XP level 6. HP: 31/33 MP: 7/7
   724 | D:6      | Noticed an orc warrior
   732 | D:6      | Killed an orc warrior
   775 | D:6      | Noticed a giant frog
   782 | D:6      | Killed a giant frog
   782 | D:6      | Reached XP level 7. HP: 37/37 MP: 8/8
   800 | D:6      | Noticed a giant frog
   807 | D:6      | Killed a giant frog
   818 | D:6      | Noticed Edmund
   819 | D:6      | Reached skill level 1 in Short Blades
   826 | D:6      | HP: 1/38 [Edmund/flail of protection (1)]
   877 | D:6      | Noticed an orc warrior
   883 | D:6      | Reached skill level 1 in Invocations
   904 | D:6      | Killed an orc warrior
   904 | D:6      | Reached skill level 5 in Dodging
   910 | D:6      | Gained mutation: You have razor-sharp teeth. [Vine Stalker growth]
   910 | D:6      | Reached XP level 8. HP: 29/42 MP: 9/9
   970 | D:5      | Noticed Malhgor's ghost (novice DDFi)
   983 | D:5      | Reached *** piety under Cheibriados
  1107 | D:6      | Killed Edmund
  1107 | D:6      | Reached skill level 1 in Throwing
  1207 | D:7      | Gained mutation: You are agile. (Dex +2) [mutagenic meat]
  1284 | D:7      | Reached skill level 6 in Dodging
  1290 | D:7      | Reached skill level 5 in Fighting
  1342 | D:8      | Reached skill level 5 in Shields
  1393 | D:9      | Reached XP level 9. HP: 47/47 MP: 11/11
  1445 | D:9      | Found Sisatip's Gadget Shop.
  1471 | D:9      | Found a staircase to the Lair.
  1492 | Lair:1   | Entered Level 1 of the Lair of Beasts
  1499 | D:9      | Reached skill level 7 in Dodging
  1503 | D:9      | Reached **** piety under Cheibriados
  1570 | D:9      | HP: 2/47 [yak (7)]
  1571 | D:9      | Mangled by a crocodile

Action                   |  1- 3 |  4- 6 |  7- 9 || total
-------------------------+-------+-------+-------++-------
Melee: Unarmed           |    32 |       |       ||    32
       Short sword       |    11 |    24 |   166 ||   201
Throw: Javelin           |       |     3 |     9 ||    12
Invok: Bend Time         |       |     2 |     1 ||     3
  Use: Scroll            |     2 |     1 |     8 ||    11
       Potion            |     1 |     1 |       ||     2
 Stab: Sleeping          |     3 |     2 |       ||     5
       Distracted        |       |       |     1 ||     1
  Eat: Chunk             |       |       |     1 ||     1
